 Dungeon Crawl Stone Soup version 0.22-a0-252-gcace5d2 (webtiles) character file.

176518 4thArraOfDagon the Stickfighter (level 16, 0/139 HPs)
             Began as a Demigod Gladiator on Mar 2, 2018.
             Slain by a redback (5 damage)
             ... on level 4 of the Spider Nest on Mar 3, 2018.
             The game lasted 02:39:51 (34108 turns).

4thArraOfDagon the Stickfighter (DgGl)             Turns: 34108, Time: 02:39:51

Health: 0/139      AC: 21    Str: 15    XL:     16   Next: 96%
Magic:  30/30      EV: 17    Int: 30    God:
Gold:   998        SH:  0    Dex: 17    Spells: 22/27 levels left

rFire    + . .     SeeInvis .   a - +1 quarterstaff
rCold    . . .     Gourm    .   (shield currently unavailable)
rNeg     + . .     Faith    .   S - +1 ring mail "Wiamocsy" {rF+ Dex+4}
rPois    +         Spirit   .   b - +2 hat
rElec    .         Reflect  .   D - +1 cloak
rCorr    .         Harm     .   F - +2 pair of gloves of the Trout {rPois Regen+}
MR       +....                  A - +0 pair of boots {Fly}
Stlth    +.........             G - amulet "Puwoq" {RegenMP rPois Int+6 Dex-4}
HPRegen  0.73/turn              e - ring of positive energy
MPRegen  0.47/turn              w - +2 ring of protection

@: no status effects
A: molten scales 1, clever 1, high mp 1, weak 1
a: Evoke Flight


You were on level 4 of the Spider Nest.
You were not hungry.

You visited 6 branches of the dungeon, and saw 33 of its levels.
You also visited: Ice Cave.

You collected 3075 gold pieces.
You spent 2077 gold pieces at shops.

Inventory:

Hand Weapons
 a - a +1 quarterstaff (weapon)
 d - the +2 war axe "Wuwniule" {venom, rC++ rN+ Int+4 Dex+4}
   (You found it on level 1 of the Elven Halls)

   It poisons the flesh of those it strikes.
   It affects your intelligence (+4).
   It affects your dexterity (+4).
   It greatly protects you from cold.
   It protects you from negative energy.
Missiles
 M - a throwing net (quivered)
Armour
 b - a +2 hat (worn)
 A - a +0 pair of boots of flying (worn)
 D - a +1 cloak (worn)
 F - the +2 pair of gloves of the Trout (worn) {rPois Regen+}
   (You found it on level 11 of the Dungeon)

   It protects you from poison.
   It increases your rate of regeneration.
 S - the +1 ring mail "Wiamocsy" (worn) {rF+ Dex+4}
   (You bought it in a shop on level 2 of the Orcish Mines)

   It affects your dexterity (+4).
   It protects you from fire.
 X - the +2 robe "Todanuz" {rPois Int+2 Dex+7 Stlth-}
   (You found it on level 3 of the Shoals)

   It affects your intelligence (+2).
   It affects your dexterity (+7).
   It protects you from poison.
   It makes you less stealthy.
Jewellery
 e - a ring of positive energy (left hand)
 j - an uncursed ring of wizardry
 m - an uncursed ring of resist corrosion
 s - an uncursed ring of ice
 t - an uncursed ring of see invisible
 v - an uncursed ring of poison resistance
 w - a +2 ring of protection (right hand)
 G - the amulet "Puwoq" (around neck) {RegenMP rPois Int+6 Dex-4}
   (You bought it in a shop on level 1 of the Elven Halls)

   [amulet of magic regeneration]

   It increases your magic regeneration.
   It affects your intelligence (+6).
   It affects your dexterity (-4).
   It protects you from poison.
Wands
 c - a wand of polymorph (14)
 k - a wand of digging (8)
 z - a wand of flame (56)
 C - a wand of random effects (11)
 E - a wand of clouds (2)
 Q - a wand of enslavement (8)
Scrolls
 g - 10 scrolls of enchant armour
 h - 9 scrolls of remove curse
 i - 3 scrolls of teleportation
 o - 6 scrolls of enchant weapon
 q - 2 scrolls of brand weapon
 r - 5 scrolls of magic mapping
 x - 4 scrolls of noise
 y - 4 scrolls of immolation
 I - 2 scrolls of torment
 L - 6 scrolls of vulnerability
 N - 5 scrolls of fog
 O - 7 scrolls of amnesia
 R - 3 scrolls of silence
 Z - 7 scrolls of identify
Potions
 l - a potion of lignification
 n - 2 potions of haste
 u - a potion of agility
 B - 4 potions of might
 H - a potion of curing
 P - a potion of magic
 U - a potion of ambrosia
 W - 2 potions of mutation
 Y - 2 potions of brilliance
Miscellaneous
 p - a lightning rod (4/4)
 J - a sack of spiders
 T - a fan of gales
Comestibles
 f - 41 rations


   Skills:
 - Level 12.0 Fighting
 - Level 20.0 Staves
 - Level 1.7 Throwing
 - Level 10.0 Armour
 - Level 10.0 Dodging
 + Level 6.4 Spellcasting
 - Level 4.1 Conjurations
 - Level 4.2 Fire Magic
 - Level 5.1 Evocations


You had 22 spell levels left.
You knew the following spells:

 Your Spells              Type           Power        Failure   Level  Hunger
a - Conjure Flame         Conj/Fire      #####...     4%          3    None
b - Blink                 Tloc           N/A          13%         2    None


Dungeon Overview and Level Annotations

Branches:
Dungeon (15/15)            Temple (0/1) D:5            Lair (6/6) D:9
 Shoals (3/4) Lair:2       Spider (4/4) Lair:4        Slime (0/5) Lair:5
    Orc (2/2) D:10            Elf (3/3) Orc:2        Vaults (0/5) D:13
 Depths: D:15

Shops:
D:6 ?   D:11 (   Orc:2 **?*   Elf:1 }}=   Elf:2 =?   Elf:3 :

Portals:
Trove: Elf:2 (give +7 demon blade)

Annotations:
D:3 Amnesiac's ghost, amateur SpFi
D:10 Sonja
D:11 ThereIsNoGod's ghost, journeyman SpVM
D:14 Nessos


Innate Abilities, Weirdness & Mutations

You have an increased reservoir of magic. (+10% MP)
You are partially covered in molten scales. (AC +2)
Your mind is acute. (Int +2)
You are weak. (Str -2)


Message History

The spark wasp shocks you!
* * * LOW HITPOINT WARNING * * *
The redback is engulfed in blazing flames.
The redback completely misses you.
Unknown command.
Unknown command.
You pick your way through the web.
The redback is engulfed in blazing flames.
You kill the redback!
The spark wasp is engulfed in blazing flames.
The spark wasp stings you!
* * * LOW HITPOINT WARNING * * *
The spark wasp shocks you!
* * * LOW HITPOINT WARNING * * *
There is a web, spattered with blood here.
Unknown command.
Unknown command.
Your surroundings suddenly seem different.
The redback bites you.
You die...

#...... .####
#... .. ....#
.....s##....#.
...#.....s...
####...........
...............
.......s.......
#.@..#
#...s....#
#.....#...#
#.....#...#
..... ...##
..... ...# ##^.
.... ..# ...#.


You could see 4 redbacks.

Vanquished Creatures
  2 deep elf sorcerers (Elf:2)
  An emperor scorpion (Spider:3)
  A ghost moth (Spider:2)
  A deep elf elementalist (Elf:1)
  A stone giant (Orc:1)
  3 entropy weavers
  A deep elf annihilator (Elf:1)
  Snorg (D:13)
  2 merfolk impalers (Shoals:2)
  Josephine (D:11)
  A fire dragon (Lair:6)
  4 ogre magi (Orc:2)
  7 hydras
  A vault guard (D:13)
  2 centaur warriors
  4 death yaks
  3 merfolk avatars (Shoals:3)
  24 two-headed ogres
  A satyr (Shoals:2)
  3 tengu warriors
  Urug (D:12)
  5 dancing weapons
  A fire crab (Lair:6)
  9 deep elf knights
  4 sea snakes
  3 unseen horrors
  A sea snake (shapeshifter) (D:13)
  A skeletal warrior (D:15)
  11 deep elf archers
  18 orb spiders
  A wolf spider zombie (D:15)
  21 wolf spiders
  3 orc sorcerers
  35 deep elf magi
  11 ugly things
  10 fauns
  3 manticores
  3 cyclopes
  2 merfolk sirens (Shoals:2)
  2 water nymphs (Shoals:2)
  A moth of wrath (Spider:2)
  A black mamba (Lair:3)
  A gargoyle (D:10)
  3 torpor snails
  6 spiny frogs
  3 centaur skeletons
  2 rime drakes (IceCv)
  A kobold demonologist (D:13)
  11 demonic crawlers
  11 komodo dragons
  3 tengu conjurers
  12 merfolk
  A wind drake (Shoals:1)
  30 jumping spiders
  Grinder (D:6)
  4 trolls
  5 hornets
  4 dream sheep (Lair:5)
  A polar bear (Lair:6)
  4 hippogriffs
  A meliai zombie (D:13)
  13 blink frogs
  4 slime creatures (D:14)
  3 snapping turtles (Shoals:2)
  36 redbacks
  61 yaks
  A centaur simulacrum (D:14)
  3 shadows
  25 tarantellas
  4 wyverns
  7 basilisks
  2 water elementals
  8 wraiths
  An air elemental (Elf:1)
  A fire elemental (Elf:2)
  A steam dragon (Lair:6)
  A hungry ghost (D:6)
  5 wargs
  6 hell hounds
  12 water moccasins
  5 porcupines
  11 orc warriors
  16 ice beasts
  Duvessa (D:4)
  3 black bears
  6 phantoms
  4 sky beasts
  28 ogres
  14 wolves
  7 necrophages
  3 centaurs
  7 crocodiles
  A big kobold (D:12)
  A gnoll sergeant (D:11)
  12 bullfrogs
  2 earth elementals
  Dowan (D:4)
  An elf skeleton (D:10)
  A water moccasin skeleton (D:5)
  4 scorpions
  A wight (D:10)
  24 killer bees
  A howler monkey (D:9)
  2 electric eels
  9 crimson imps
  5 lava snakes (Lair:6)
  A quasit (D:7)
  6 centaur zombies
  10 hounds
  15 orc priests
  6 jellies
  21 orc wizards
  5 human zombies (D:10)
  4 bullfrog skeletons
  An iguana (D:11)
  12 worker ants
  An ogre zombie (D:10)
  A hound zombie (D:8)
  A hound skeleton (D:6)
  2 mummies (D:10)
  4 worker ant zombies
  A howler monkey skeleton (D:9)
  13 adders
  3 gnolls (D:11)
  3 shadow imps
  7 oozes
  An adder zombie (D:9)
  An adder skeleton (D:5)
  6 worms
  2 dart slugs
  7 leopard geckos
  73 orcs
  14 bats
  3 giant cockroaches
  7 goblins
  5 hobgoblins
  7 jackals
  8 kobolds
  8 quokkas
  6 frilled lizards
  A leopard gecko skeleton (D:4)
  A quokka skeleton (D:6)
  3 rats
  3 rat zombies (D:7)
  2 plants (Shoals:1)
954 creatures vanquished.

Vanquished Creatures (collateral kills)
  A dancing weapon (Elf:1)
  A jumping spider (Spider:2)
  A hornet (Spider:3)
3 creatures vanquished.

Vanquished Creatures (others)
  A deep elf elementalist (Elf:3)
  An unseen horror (D:10)
  A wolf spider (Spider:2)
  2 fauns (Shoals:2)
  An orb spider (Spider:3)
  2 jumping spiders
  3 redbacks
  A tarantella (Spider:3)
  2 killer bees (D:10)
  2 orc wizards
  12 fungi
  10 plants
  4 tentacles (Shoals:3)
42 creatures vanquished.

Grand Total: 999 creatures vanquished

Notes
Turn   | Place    | Note
-------+----------+-------------------------------------------
     0 | D:1      | 4thArraOfDagon the Demigod Gladiator began the quest for the Orb.
     0 | D:1      | Reached XP level 1. HP: 17/17 MP: 3/3
   124 | D:3      | Reached skill level 3 in Staves
   132 | D:3      | Reached XP level 2. HP: 24/24 MP: 4/4
   351 | D:3      | Found a hazy altar of Hepliaklqana.
   436 | D:3      | Reached XP level 3. HP: 29/29 MP: 5/5
   489 | D:2      | Found a bloodstained altar of Trog.
   489 | D:2      | Found a radiant altar of Vehumet.
  1120 | D:2      | Reached skill level 4 in Staves
  1120 | D:2      | Reached XP level 4. HP: 37/37 MP: 6/6
  1644 | D:4      | Noticed Duvessa
  1645 | D:4      | Noticed Dowan
  1659 | D:3      | Noticed Amnesiac's ghost (amateur SpFi)
  1728 | D:4      | Reached XP level 5. HP: 22/45 MP: 7/7
  1936 | D:4      | Found a sacrificial altar of Ru.
  1950 | D:4      | Reached skill level 5 in Staves
  2088 | D:4      | Killed Duvessa
  2088 | D:4      | Reached XP level 6. HP: 33/51 MP: 8/8
  2130 | D:3      | Found a basalt altar of Yredelemnul.
  2131 | D:3      | Found a deep blue altar of Sif Muna.
  2282 | D:4      | HP: 1/51 [Dowan/stone arrow (11)]
  2290 | D:4      | Killed Dowan
  2290 | D:4      | Reached skill level 6 in Staves
  2694 | D:5      | Entered Level 5 of the Dungeon
  2967 | D:5      | Reached skill level 7 in Staves
  2967 | D:5      | Reached XP level 7. HP: 57/57 MP: 9/9
  3161 | D:5      | Reached skill level 8 in Staves
  3357 | D:5      | Found a staircase to the Ecumenical Temple.
  3677 | D:6      | Reached XP level 8. HP: 53/63 MP: 10/10
  3722 | D:6      | Reached skill level 9 in Staves
  3908 | D:6      | Paralysed by fainting for 9 turns
  3938 | D:6      | Found Nuweivve's Magic Scroll Emporium.
  3941 | D:6      | Bought a scroll of fear for 45 gold pieces
  3941 | D:6      | Bought a scroll of teleportation for 39 gold pieces
  3941 | D:6      | Bought a scroll of noise for 13 gold pieces
  3977 | D:6      | Noticed Grinder
  3987 | D:6      | Killed Grinder
  4086 | D:6      | Reached skill level 10 in Staves
  4387 | D:7      | Found an ancient bone altar of Kikubaaqudgha.
  4667 | D:8      | Reached skill level 11 in Staves
  4705 | D:8      | Reached XP level 9. HP: 55/69 MP: 11/11
  4888 | D:8      | Noticed a komodo dragon
  4922 | D:9      | Found a staircase to the Lair.
  4934 | D:9      | Found a shattered altar of Ashenzari.
  4988 | D:9      | Found a sparkling altar of Nemelex Xobeh.
  5571 | D:9      | Reached skill level 12 in Staves
  5603 | D:9      | Noticed a two-headed ogre
  5641 | D:9      | Found a shadowy altar of Dithmenos.
  5663 | D:9      | Killed a two-headed ogre
  5742 | D:10     | Entered Level 10 of the Dungeon
  5908 | D:10     | Noticed Sonja
  5989 | D:10     | Reached skill level 13 in Staves
  6397 | D:10     | Killed an unseen horror
  6397 | D:10     | Reached XP level 10. HP: 72/77 MP: 13/13
  6519 | D:10     | Found a basalt altar of Yredelemnul.
  6908 | D:10     | Killed an unseen horror
  7233 | D:10     | Reached skill level 14 in Staves
  7815 | D:11     | Noticed a tengu warrior
  8015 | D:11     | Noticed a two-headed ogre
  8034 | D:11     | Killed a two-headed ogre
  8301 | D:11     | Noticed Josephine
  8320 | D:11     | Killed Josephine
  8320 | D:11     | Reached skill level 15 in Staves
  8360 | D:11     | Reached XP level 11. HP: 54/82 MP: 14/14
  8554 | D:11     | Noticed ThereIsNoGod's ghost (journeyman SpVM)
  8967 | D:11     | Found Soiqor's Antique Weapon Shoppe.
  8988 | D:11     | Got a pair of dazzling gloves
  8997 | D:11     | Identified the +2 pair of gloves of the Trout {rPois Regen+} (You found it on level 11 of the Dungeon)
  9199 | D:13     | Learned a level 3 spell: Conjure Flame
  9242 | D:13     | Noticed a two-headed ogre
  9249 | D:13     | Noticed a tengu warrior
  9298 | D:13     | Killed a tengu warrior
  9298 | D:13     | Reached skill level 1 in Conjurations
  9298 | D:13     | Reached skill level 1 in Fire Magic
  9311 | D:13     | Noticed a sea snake
  9368 | D:12     | Noticed a two-headed ogre
  9786 | D:9      | Reached skill level 1 in Spellcasting
 10236 | D:9      | Found a shimmering altar of Xom.
 10386 | Lair:1   | Entered Level 1 of the Lair of Beasts
 10886 | Lair:1   | Found a frozen archway.
 10905 | IceCv    | Entered an ice cave
 11330 | IceCv    | Reached skill level 16 in Staves
 11473 | IceCv    | Noticed an ice dragon
 11474 | IceCv    | Noticed an ice dragon
 11678 | Lair:1   | Reached skill level 1 in Armour
 11695 | Lair:1   | Reached XP level 12. HP: 91/91 MP: 11/19
 12041 | Lair:3   | Noticed a catoblepas
 12062 | Lair:2   | Found a staircase to the Shoals.
 12238 | Lair:4   | Reached skill level 5 in Fighting
 12370 | Lair:4   | Noticed a four-headed hydra
 12381 | Lair:4   | Killed a four-headed hydra
 12444 | Lair:4   | Noticed a five-headed hydra
 12453 | Lair:4   | Killed a five-headed hydra
 12630 | Lair:4   | Reached skill level 5 in Armour
 13047 | Lair:3   | Noticed an eight-headed hydra
 13129 | Lair:4   | Found a hole to the Spider Nest.
 13371 | Lair:5   | Found a viscous altar of Jiyva.
 13372 | Lair:5   | Found a staircase to the Slime Pits.
 13550 | Lair:6   | Entered Level 6 of the Lair of Beasts
 13590 | Lair:6   | Noticed a six-headed hydra
 13609 | Lair:6   | Killed a six-headed hydra
 13800 | Lair:5   | Reached skill level 1 in Evocations
 14521 | Lair:6   | Reached XP level 13. HP: 63/105 MP: 20/20
 14759 | Lair:5   | Learned a level 2 spell: Blink
 14833 | Lair:5   | Reached skill level 5 in Evocations
 14909 | Lair:5   | Gained mutation: Armour fits poorly on your strangely shaped body. [potion of mutation]
 14909 | Lair:5   | Gained mutation: You have sharp toenails. [potion of mutation]
 14910 | Lair:5   | Lost mutation: Armour fits poorly on your strangely shaped body. [potion of mutation]
 14910 | Lair:5   | Lost mutation: You have sharp toenails. [potion of mutation]
 14910 | Lair:5   | Gained mutation: You are weak. (Str -2) [potion of mutation]
 14910 | Lair:5   | Gained mutation: You are partially covered in molten scales. (AC +2) [potion of mutation]
 14910 | Lair:5   | Gained mutation: Your mind is acute. (Int +2) [potion of mutation]
 15565 | Lair:6   | Found a large runed door.
 15566 | Lair:6   | Found a large runed door.
 16095 | Lair:3   | Reached skill level 17 in Staves
 16991 | D:12     | Noticed Urug
 17026 | D:12     | Killed Urug
 17490 | D:13     | Reached skill level 18 in Staves
 17605 | D:13     | Noticed Snorg
 17626 | D:13     | Killed Snorg
 18202 | D:13     | Reached XP level 14. HP: 87/113 MP: 21/21
 18223 | D:13     | Found a gate to the Vaults.
 18331 | D:15     | Entered Level 15 of the Dungeon
 18528 | D:14     | Noticed Nessos
 19132 | D:15     | Reached skill level 19 in Staves
 20028 | D:10     | Found a staircase to the Orcish Mines.
 20177 | Orc:1    | Entered Level 1 of the Orcish Mines
 20177 | Orc:1    | Found a burning altar of Makhleb.
 20602 | Orc:2    | Entered Level 2 of the Orcish Mines
 20647 | Orc:2    | Found a staircase to the Elven Halls.
 20928 | Orc:1    | Sergey: hello
 20932 | Orc:2    | 4thArraOfDagon: hey hey
 21028 | Orc:1    | Sergey: why do you kiting ?
 21036 | Orc:1    | Sergey: oh
 21038 | Orc:1    | Sergey: ok
 21182 | Orc:2    | Paralysed by an orc sorcerer for 7 turns
 21799 | Orc:2    | Reached skill level 20 in Staves
 21962 | Orc:2    | Reached skill level 5 in Dodging
 22142 | Orc:2    | Found Xiseexzo's Magic Scroll Emporium.
 22247 | Orc:2    | Reached XP level 15. HP: 77/118 MP: 19/22
 22263 | Orc:2    | Found Gunauwex's Assorted Antiques.
 22263 | Orc:2    | Found Cylam's General Store.
 22263 | Orc:2    | Found Upsiuf's General Store.
 22340 | Orc:2    | Bought a cursed ring of teleportation for 58 gold pieces
 22342 | Orc:2    | Bought a potion of heal wounds for 160 gold pieces
 22342 | Orc:2    | Bought a potion of might for 128 gold pieces
 22342 | Orc:2    | Bought a bloodstained ring mail for 288 gold pieces
 22342 | Orc:2    | Identified the +1 ring mail "Wiamocsy" {rF+ Dex+4} (You bought it in a shop on level 2 of the Orcish Mines)
 22355 | Orc:2    | Bought a scroll of teleportation for 96 gold pieces
 22355 | Orc:2    | Bought a potion of curing for 96 gold pieces
 22356 | Orc:2    | Bought a scroll of teleportation for 45 gold pieces
 22356 | Orc:2    | Bought a scroll of identify for 30 gold pieces
 22356 | Orc:2    | Bought a scroll of blinking for 112 gold pieces
 22356 | Orc:2    | Bought 3 scrolls of identify for 90 gold pieces
 22356 | Orc:2    | Bought a scroll of identify for 30 gold pieces
 22357 | Orc:2    | Bought a potion of curing for 48 gold pieces
 22426 | Elf:1    | Entered Level 1 of the Elven Halls
 22728 | Elf:1    | jacquesderrida: Helo
 22971 | Elf:1    | Identified the +2 war axe "Wuwniule" {venom, rC++ rN+ Int+4 Dex+4} (You found it on level 1 of the Elven Halls)
 23511 | Elf:1    | Identified Sif Muna's Handbook of Arcane Weapons
 23924 | Elf:1    | Found Qoer's Jewellery Shoppe.
 23924 | Elf:1    | Found Ruukk's Gadget Boutique.
 23925 | Elf:1    | Found Zaiw's Gadget Boutique.
 23935 | Elf:1    | Bought the amulet "Puwoq" {RegenMP rPois Int+6 Dex-4} for 590 gold pieces
 24064 | Elf:2    | Found Buor's Magic Scroll Shoppe.
 24141 | Elf:2    | Found Hana's Jewellery Emporium.
 24206 | Elf:2    | Reached skill level 10 in Dodging
 24511 | Elf:2    | Found a portal to a secret trove of treasure.
 24684 | Elf:3    | Entered Level 3 of the Elven Halls
 26025 | Elf:3    | Reached skill level 10 in Fighting
 26099 | Elf:3    | Found Ibbufum's Book Shoppe.
 26219 | Elf:2    | Bought a scroll of teleportation for 45 gold pieces
 26219 | Elf:2    | Bought a scroll of magic mapping for 52 gold pieces
 26219 | Elf:2    | Bought a scroll of enchant weapon for 112 gold pieces
 26530 | Shoals:1 | Entered Level 1 of the Shoals
 27231 | Shoals:2 | Identified the cursed +0 robe "Cazoaps" {rF+ Str+3 Dex+2} (You found it on level 2 of the Shoals)
 27491 | Shoals:2 | HP: 6/128 [merfolk/halberd (7)]
 27808 | Shoals:2 | Reached XP level 16. HP: 43/137 MP: 17/23
 28474 | Shoals:3 | Identified the +2 robe "Todanuz" {rPois Int+2 Dex+7 Stlth-} (You found it on level 3 of the Shoals)
 28516 | Shoals:3 | Noticed a kraken
 29039 | Spider:1 | Entered Level 1 of the Spider Nest
 31873 | Spider:2 | Reached skill level 10 in Armour
 32352 | Spider:4 | Entered Level 4 of the Spider Nest
 32637 | Spider:3 | Identified the +2 falchion of Revolt {slice, Fragile +Inv Str+4 Int+7} (You found it on level 3 of the Spider Nest)
 33081 | Spider:3 | Reached skill level 5 in Spellcasting
 34107 | Spider:4 | HP: 4/139 [spark wasp (13)]
 34108 | Spider:4 | Slain by a redback

Vault maps used:
D:1:      grunt_arrival_crossed_arrows
D:2:      minmay_door_path, marbit_many_paths, nicolae_overflow_hidden_temple
D:3:      gammafunk_temple_overflow_wave, lemuel_doored_altar, serial_curves,
          eino_curves_04, eino_curves_03
D:4:      nicolae_ru_great_annihilating_truth, first_ration, uniq_duvessa
D:5:      minmay_temple_entry_from_below_a, bh_walls_and_bars
D:6:      serial_shops, kennysheep_mini_moat, uniq_grinder
D:7:      lemuel_zombie_altar_kikubaaqudgha, st_stairs_1,
          uniq_crazy_yiuf_cottage
D:8:      uniq_maurice
D:9:      nemelex_xobeh_ov_fountains_minmay, kennysheep_little_box,
          lemuel_crystal_altar, lemuel_coloured_pillars_altar,
          erik_lair_orcish_takeover, hangedman_little_slice_of_home
D:10:     orc_0_dummy, hangedman_decor_clover_reticule,
          lemuel_mausoleum_altar_yredelemnul, uniq_sonja
D:11:     serial_shops, shop_fountains, hangedman_decor_peaks_small,
          lightli_corner_chamber, uniq_josephine
D:12:     serial_bayou_ford_a, uniq_urug
D:13:     david_vaults_4, uniq_snorg
D:14:     serial_bayou_pond_e, special_room, wad_floor_pattern_1,
          kennysheep_generic_room_6, uniq_nessos
D:15:     gammafunk_depths_entry_grave, small_statue_intersection, uniq_roxanne
Lair:1:   portal_ice_cave_entry_pillars_2, infiniplex_staircase_pool_2,
          grunt_megastairs_5
Lair:2:   elwin_shoals_entry_rocks, serial_bayou_lake_a
Lair:3:   grunt_megastairs_2
Lair:4:   nicolae_spider_entry_non_spiders
Lair:5:   slime_altar_1, roderic_carrion_pond
Lair:6:   cheibrodos_lair_end_hotspot
Shoals:1: nicolae_shoals_mertower
Shoals:3: centaur_isle
Spider:4: johnstein_spider_rune_arachne_lair, nicolae_spider_webbed_stairs
Orc:1:    basic_altar, guppyfry_library_mini
Orc:2:    st_orc_ogre_mass
Elf:1:    minmay_elf_arrival_plus, minmay_elf_annihilation, minmay_shop_grove,
          uniq_azrael
Elf:2:    enter_trove_0, minmay_shoptagon
Elf:3:    minmay_elf_hall_quartered_circle, serial_shops,
          nicolae_shop_competitors_out_of_business, uniq_louise
IceCv:    ice_cave_small_dragons

Skill      XL: |  1  2  3  4  5  6  7  8  9 10 11 12 13 14 15 16 |
---------------+-------------------------------------------------+-----
Fighting       | 2 3 7 11 12 | 12.0
Staves         | 3 4 5 7 8 11 13 15 16 18 20 | 20.0
Dodging        | 3 6 10 | 10.0
Conjurations   | 4 |  4.1
Fire Magic     | 4 |  4.2
Spellcasting   | 2 6 |  6.4
Armour         | 1 6 10 | 10.0
Evocations     | 4 5 |  5.1
Throwing       | |  1.7

Action                   |  1- 3 |  4- 6 |  7- 9 | 10-12 | 13-15 | 16-18 || total
-------------------------+-------+-------+-------+-------+-------+-------++-------
Melee: Quarterstaff      |   151 |   176 |   612 |  1602 |  2603 |  1218 ||  6362
Throw: Throwing net      |       |     4 |       |     5 |     5 |       ||    14
 Cast: Conjure Flame     |       |       |       |    36 |   119 |    67 ||   222
 Abil: Stop Flying       |       |       |     1 |       |       |     1 ||     2
       Evoke Flight      |       |       |       |       |       |     1 ||     1
Evoke: Wand              |       |       |     8 |    28 |    20 |    40 ||    96
       Lightning rod     |       |       |       |       |    13 |     5 ||    18
       Phantom mirror    |       |       |       |       |     2 |       ||     2
       Fan of gales      |       |       |       |       |       |     1 ||     1
       Sack of spiders   |       |       |       |       |       |     1 ||     1
  Use: Scroll            |       |     6 |     9 |    13 |    21 |    10 ||    59
       Potion            |       |     4 |     3 |     9 |     8 |     7 ||    31
 Stab: Sleeping          |     1 |       |       |       |     2 |       ||     3
       Held in net/web   |       |       |       |     3 |     1 |       ||     4
       Distracted        |       |       |       |       |     1 |     1 ||     2
       Betrayed ally     |       |       |       |       |       |     1 ||     1
  Eat: Chunk             |       |     7 |     7 |    17 |    38 |    13 ||    82
       Ration            |       |       |     2 |     5 |     8 |     5 ||    20
Armor: Leather armour    |     6 |       |       |       |       |       ||     6
       Ring mail         |    58 |    42 |   198 |   309 |   276 |   651 ||  1534
       Skin              |       |    40 |       |    48 |       |       ||    88
       Robe              |       |     3 |       |       |       |       ||     3
       Fire dragon scale |       |       |       |    78 |    83 |       ||   161
       Chain mail        |       |       |       |    59 |       |       ||    59
       Steam dragon scal |       |       |       |       |   427 |       ||   427
Dodge: Dodged            |   129 |    90 |   279 |   519 |  1105 |  1087 ||  3209

Table legend:
 A = Spawn XP
 B = Non-spawn XP
 C = Spawn XP percentage of total XP
 D = Spawn monster count
 E = Non-spawn monster count
 F = Spawn count percentage of total count
 G = Total turns spent on level
                    A         B        C        D         E        F      G
               +---------+---------+-------+---------+---------+-------+---------
         Total |       0 |  253796 |   0.0 |       0 |     963 |   0.0 | 34108
               +---------+---------+-------+---------+---------+-------+---------
           D:1 |       0 |      35 |   0.0 |       0 |      15 |   0.0 |   450
           D:2 |       0 |      72 |   0.0 |       0 |      23 |   0.0 |   630
           D:3 |       0 |     118 |   0.0 |       0 |      25 |   0.0 |   721
           D:4 |       0 |     403 |   0.0 |       0 |      16 |   0.0 |   893
           D:5 |       0 |     659 |   0.0 |       0 |      21 |   0.0 |   770
           D:6 |       0 |    1056 |   0.0 |       0 |      30 |   0.0 |   728
           D:7 |       0 |     507 |   0.0 |       0 |      19 |   0.0 |   471
           D:8 |       0 |     702 |   0.0 |       0 |       9 |   0.0 |   426
           D:9 |       0 |    6730 |   0.0 |       0 |      71 |   0.0 |  1876
          D:10 |       0 |    5043 |   0.0 |       0 |      48 |   0.0 |  2144
          D:11 |       0 |    5055 |   0.0 |       0 |      39 |   0.0 |  1550
          D:12 |       0 |    4695 |   0.0 |       0 |      32 |   0.0 |   865
          D:13 |       0 |   10911 |   0.0 |       0 |      40 |   0.0 |  1055
          D:14 |       0 |    4843 |   0.0 |       0 |      20 |   0.0 |   775
          D:15 |       0 |   13867 |   0.0 |       0 |      27 |   0.0 |   648
        Lair:1 |       0 |    5418 |   0.0 |       0 |      25 |   0.0 |   695
        Lair:2 |       0 |    2879 |   0.0 |       0 |      16 |   0.0 |   695
        Lair:3 |       0 |    6892 |   0.0 |       0 |      17 |   0.0 |   712
        Lair:4 |       0 |   11788 |   0.0 |       0 |      45 |   0.0 |  1546
        Lair:5 |       0 |    4161 |   0.0 |       0 |      21 |   0.0 |   894
        Lair:6 |       0 |   11005 |   0.0 |       0 |      40 |   0.0 |  1591
      Shoals:1 |       0 |    3541 |   0.0 |       0 |      10 |   0.0 |   935
      Shoals:2 |       0 |   12614 |   0.0 |       0 |      26 |   0.0 |   950
      Shoals:3 |       0 |    5196 |   0.0 |       0 |       8 |   0.0 |   163
      Spider:1 |       0 |   16590 |   0.0 |       0 |      48 |   0.0 |  2073
      Spider:2 |       0 |   18577 |   0.0 |       0 |      42 |   0.0 |  1098
      Spider:3 |       0 |   12459 |   0.0 |       0 |      38 |   0.0 |  1191
      Spider:4 |       0 |    9873 |   0.0 |       0 |      30 |   0.0 |   682
         Orc:1 |       0 |    4160 |   0.0 |       0 |      29 |   0.0 |   856
         Orc:2 |       0 |   24542 |   0.0 |       0 |      48 |   0.0 |  1574
         Elf:1 |       0 |   21541 |   0.0 |       0 |      34 |   0.0 |  1854
         Elf:2 |       0 |   18680 |   0.0 |       0 |      27 |   0.0 |  1603
         Elf:3 |       0 |    6567 |   0.0 |       0 |       8 |   0.0 |   323
         IceCv |       0 |    2617 |   0.0 |       0 |      16 |   0.0 |   671
               +---------+---------+-------+---------+---------+-------+---------
